 Dungeon Crawl Stone Soup version 0.28.0-43-g3370ac3207 (webtiles) character file.

Game seed: 8777193676046925307

14 Kaptain the Digger (level 2, -1/16 HPs)
             Began as a Gargoyle Earth Elementalist on Mar 24, 2022.
             Engulfed by a cloud of flame (17 damage)
             ... on level 1 of the Dungeon.
             The game lasted 00:01:14 (339 turns).

Kaptain the Digger (Gargoyle Earth Elementalist)     Turns: 339, Time: 00:01:15

Health: -1/16      AC:  5    Str: 11    XL:     2   Next: 41%
Magic:  5/5        EV: 11    Int: 15    God:
Gold:   3          SH:  5    Dex: 10    Spells: 4/5 levels left

rFire   . . .      SeeInvis .   d - +0 mace
rCold   . . .      Faith    .   (no shield)
rNeg    + . .      Spirit   .   e - +0 leather armour
rPois   ∞          Reflect  +   (no helmet)
rElec   +          Harm     .   (no cloak)
rCorr   .          Rampage  .   (no gloves)
Will    .....                   (no boots)
Stlth   ++........              a - amulet of reflection
HPRegen 0.05/turn               (no ring)
MPRegen 0.09/turn               (no ring)

@: no status effects
A: sickness immunity, AC +2, negative energy resistance 1, electricity
resistance, torment resistance 1, petrification resistance
a: no special abilities


You were on level 1 of the Dungeon.
You visited 1 branch of the dungeon, and saw 1 of its levels.

You collected 3 gold pieces.

Inventory:

Hand Weapons
 d - a +0 mace (weapon)
Missiles
 c - 73 stones
Armour
 e - a +0 leather armour (worn)
Jewellery
 a - an amulet of reflection (around neck)


   Skills:
 * Level 0.8 Fighting
 + Level 0.3 Armour
 + Level 1.6 Dodging
 - Level 2.1 Stealth
 * Level 2.1 Spellcasting
 * Level 0.7 Conjurations
 - Level 0.7 Transmutations
 * Level 3.8 Earth Magic


You had 4 spell levels left.
You knew the following spells:

 Your Spells              Type           Power      Damage    Failure   Level
a - Sandblast             Erth           26%        2d8       6%          1

Your spell library contained the following spells:

 Spells                   Type           Power      Damage    Failure   Level
 Passwall                 Tmut/Erth      6%         N/A       17%         2
 Stone Arrow              Conj/Erth      16%        3d8       32%         3
 Petrify                  Tmut/Erth      8%         N/A       75%         4


Dungeon Overview and Level Annotations

Branches:
Dungeon (1/15)

Altars:


Innate Abilities, Weirdness & Mutations

You are immune to sickness and miasma.
Your stone body is resilient. (AC +2)
You are immune to poison.
You resist negative energy. (rN+)
You are resistant to electric shocks. (rElec)
You are resistant to unholy torment.
You are immune to petrification.


Message History

You hit the ball python.
The ball python is severely wounded.
The ball python closely misses you. The ball python constricts you.
You hit the ball python.
You kill the ball python!
HP restored.
A rat comes into view.
You barely miss the rat. The rat bites you but does no damage.
You hit the rat.
The rat is severely wounded.
The rat misses you. The rat closely misses you.
You hit the rat but do no damage.
The rat is severely wounded.
The rat closely misses you.
You hit the rat.
You kill the rat!
You see here a rat corpse.
A kobold comes into view. It is wielding a +0 short sword.
The kobold shouts!
You hit the kobold.
The kobold is moderately wounded.
The kobold hits you with a +0 short sword.
The kobold barely misses you.
You hit the kobold but do no damage.
The kobold is moderately wounded.
The kobold closely misses you.
You barely miss the kobold.
The kobold is moderately wounded.
You block the kobold's attack.
You hit the kobold.
You kill the kobold!
Things that are here:
a +0 short sword; a kobold corpse A rat comes into view.
Found 2 bubbling inky potions, a dagger, a leather armour and 16 stones.
Really walk into a travel-excluded area?
Found 14 gold pieces and a spear.
You are engulfed in blazing flames.
Ouch! That really hurt!
You die...

#§..#
##...#####
§.$.).§§§.
.[.(.§§
.!.)..
#r..#
#§§§#
#.§§#
#@☼☼#
######...#
#.)...####
#.#...#
#.#####
#.# #.#
#.# #.#


You could see a rat.

Vanquished Creatures
  2 ball pythons (D:1)
  3 goblins (D:1)
  A hobgoblin (D:1)
  2 jackals (D:1)
  2 kobolds (D:1)
  A rat (D:1)
11 creatures vanquished.

Notes
Turn   | Place    | Note
-------+----------+-------------------------------------------
     0 | D:1      | Kaptain the Gargoyle Earth Elementalist began the quest for
                  | the Orb.
     0 | D:1      | Reached XP level 1. HP: 10/10 MP: 3/3
   160 | D:1      | Reached XP level 2. HP: 16/16 MP: 5/5
   339 | D:1      | Engulfed by a cloud of flame

Illustrated notes

Levels and vault maps discovered:
D:1:      dpeg_arrival_morbid_curiosity, layout_loops_ring, lemuel_flame_loot_1

Action                   || total
-------------------------++-------
Melee: Mace              ||    12
 Cast: Sandblast         ||     8
 Stab: Sleeping          ||     1
Armor: Robe              ||     1
       Leather armour    ||     2
Dodge: Dodged            ||     8
Block: Other             ||     2
